 Dungeon Crawl Stone Soup version 0.30-a0-726-gd89dcf765f (webtiles) character file.

Game seed: 9928547993900002455

63854 Arximoufas the Severer (level 14, -6/79 HPs)
             Began as a Demonspawn Fighter on Jan 29, 2023.
             Was the Champion of Cheibriados.
             Killed from afar by a starcursed mass (12 damage)
             ... with an accursed screaming
             ... on level 3 of the Abyss.
             The game lasted 01:08:20 (20771 turns).

Arximoufas the Severer (Demonspawn Fighter)        Turns: 20771, Time: 01:08:21

Health: -6/79      AC: 18    Str: 37 (40) XL:     14   Next: 69%
Magic:  18/18      EV: 17    Int: 16 (17) God:    Cheibriados [******]
Gold:   2767       SH:  8    Dex: 25 (28) Spells: 13/13 levels left

rFire   + + +      SeeInvis .    O - +4 battleaxe
rCold   + + +      Faith    .    (shield currently unavailable)
rNeg    + . .      Spirit   .    M - +7 ring mail of the Kettle-Drum {rElec rPois rN+ Will++}
rPois   +          Reflect  .    (helmet unavailable)
rElec   +          Harm     .    z - +0 cloak of Going Fast {rF+}
rCorr   .          Rampage  .    j - +1 pair of gloves of Purpose {+Blink rF+ Str+2}
Will    ++++.                    i - +1 pair of boots of Gehenna {Str+3}
Stlth   +++                      (no amulet)
HPRegen 0.00/turn                C - ring of Reptam {Drain rElec rF+ rC+++ Int-5}
MPRegen 0.16/turn                u - ring of willpower

@: sick, unable to read, very slow
A: horns 3, large bone plates 3, powered by death 2, powered by pain 1,
[deformed body], [deterioration 2], [dopey 2], [frail 3], [low MP 2],
([teleportitis 1]), [inability to drink after injury 1], [inability to read
after injury 1]
a: Renounce Religion, Evoke Blink, Bend Time, Temporal Distortion, Slouch, Step
From Time


You were on level 3 of the Abyss.
You worshipped Cheibriados.
Cheibriados was exalted by your worship.
You visited 4 branches of the dungeon, and saw 20 of its levels.
You visited the Abyss 2 times.
You also visited: Ossuary, Bailey and Gauntlet.

You collected 2767 gold pieces.

Inventory:

Hand Weapons
 a - a +2 vampiric war axe
 k - a +0 broad axe
 O - a +4 battleaxe (weapon)
Armour
 c - a +0 buckler
 i - the +1 pair of boots of Gehenna (worn) {Str+3}
   (You found it on level 2 of the Dungeon)

   Str:       It affects your strength (+3).
 j - the +1 pair of gloves of Purpose (worn) {+Blink rF+ Str+2}
   (You acquired it on level 3 of the Lair of Beasts)

   Str:       It affects your strength (+2).
   rF:        It protects you from fire.
   +Blink:    It lets you blink.
 p - a +2 plate armour of poison resistance
 z - the +0 cloak of Going Fast (worn) {rF+}
   (You found it in a Gauntlet)

   rF:        It protects you from fire.
 F - a +0 cloak
 L - the +10 crystal plate armour "Fydywaov" {rElec Str+3 Int+2}
   (You found it in a bailey)

   Str:       It affects your strength (+3).
   Int:       It affects your intelligence (+2).
   rElec:     It insulates you from electricity.
 M - the +7 ring mail of the Kettle-Drum (worn) {rElec rPois rN+ Will++}
   (You found it in a bailey)

   rElec:     It insulates you from electricity.
   rPois:     It protects you from poison.
   rN:        It protects you from negative energy.
   Will:      It greatly increases your willpower.
 P - a +3 plate armour of willpower
Jewellery
 u - a ring of willpower (right hand)
 C - the ring of Reptam (left hand) {Drain rElec rF+ rC+++ Int-5}
   (You found it on level 6 of the Dungeon)

   [ring of protection from fire]

   Int:       It affects your intelligence (-5).
   rF:        It protects you from fire.
   rC:        It renders you almost immune to cold.
   rElec:     It insulates you from electricity.
   Drain:     It drains your maximum health when unequipped.
 D - the ring of Uskayaw's Grace {rElec rPois}
   (You found it in a Gauntlet)

   [ring of poison resistance]

   rElec:     It insulates you from electricity.
   rPois:     It protects you from poison.
 N - a ring of see invisible
 U - a ring of protection from fire
Wands
 f - a wand of iceblast (19)
 B - a wand of paralysis (22)
 G - a wand of flame (36)
 T - a wand of acid (3)
Scrolls
 e - 5 scrolls of teleportation
 q - a scroll of torment {unknown}
 r - 2 scrolls of silence {unknown}
 s - 2 scrolls of butterflies {unknown}
 t - 4 scrolls of blinking
 v - a scroll of fear {unknown}
 w - 4 scrolls of poison
 x - a scroll of brand weapon {unknown}
 A - 2 scrolls of fog {unknown}
 Q - a scroll of vulnerability {unknown}
 R - a scroll of enchant armour {unknown}
 Y - 3 scrolls of amnesia {unknown}
Potions
 b - 9 potions of curing
 d - a potion of cancellation {unknown}
 g - 3 potions of lignification
 h - 4 potions of brilliance
 m - 2 potions of haste
 n - 3 potions of heal wounds
 o - 6 potions of flight
 E - 2 potions of ambrosia
Miscellaneous
 J - a phantom mirror
 S - a lightning rod (4/4)


   Skills:
 + Level 11.1 Fighting
 * Level 15.5 Axes
 - Level 10.0 Armour
 + Level 6.5 Dodging
 - Level 5.0 Stealth
 - Level 5.0 Shields
 + Level 12.6 Invocations
 + Level 3.1 Evocations


You had 13 spell levels left.
You didn't know any spells.
Your spell library contained the following spells:

 Spells                   Type           Power      Damage    Failure   Level
 Apportation              Tloc           0%         N/A       32%         1
 Necrotise                Necr           0%         1d4       32%         1
 Sandblast                Erth           0%         2d4       32%         1
 Sting                    Tmut/Pois      0%         1d3       32%         1
 Summon Small Mammal      Summ           0%         N/A       32%         1
 Ensorcelled Hibernation  Hex/Ice        0%         N/A       43%         2
 Passwall                 Tmut/Erth      0%         N/A       43%         2
 Poisonous Vapours        Pois/Air       0%         N/A       43%         2
 Scorch                   Fire           0%         2d5       43%         2
 Sublimation of Blood     Necr           0%         N/A       43%         2
 Spider Form              Tmut/Pois      0%         N/A       67%         3
 Stone Arrow              Conj/Erth      0%         3d7       67%         3
 Anguish                  Hex/Necr       0%         N/A       97%         4
 Flame Wave               Conj/Fire      0%         2d4       97%         4
 Leda's Liquefaction      Hex/Erth       0%         N/A       97%         4
 Olgreb's Toxic Radiance  Pois           0%         N/A       97%         4
 Passage of Golubria      Tloc           0%         N/A       97%         4
 Petrify                  Tmut/Erth      0%         N/A       97%         4
 Alistair's Intoxication  Tmut/Pois      0%         N/A       100%        5
 Fireball                 Conj/Fire      0%         3d3       100%        5
 Irradiate                Conj/Tmut      0%         3d11      100%        5
 Iskenderun's Battlesphe  Conj           0%         2d6       100%        5
 Silence                  Hex/Air        0%         N/A       100%        5
 Summon Forest            Summ/Tloc      0%         N/A       100%        5
 Conjure Ball Lightning   Conj/Air       0%         3x3d6     100%        6
 Eringya's Noxious Bog    Tmut/Pois      0%         N/A       100%        6
 Summon Cactus Giant      Summ           0%         N/A       100%        6
 Orb of Destruction       Conj           0%         9d5       100%        7
 Summon Hydra             Summ           0%         N/A       100%        7
 Lehudib's Crystal Spear  Conj/Erth      0%         10d2      100%        8


Dungeon Overview and Level Annotations

Branches:
Dungeon (13/15)            Temple (1/1) D:5            Lair (4/5) D:10
 Shoals (0/4) Lair:2       Spider (0/4) Lair:3          Orc (2/2) D:12
    Elf (0/3) Orc:2        Vaults (0/5) D:13        Ossuary (visited)
 Bailey (visited)         Gauntlet (visited)
  Slime: Lair:4-5

Altars:
Ashenzari
Cheibriados
Dithmenos
Fedhas
Gozag
Hepliaklqana
Kikubaaqudgha
Makhleb
Nemelex Xobeh
Okawaru
Qazlal
Ru
Sif Muna
Trog
Uskayaw
Vehumet
Wu Jian
Xom
Yredelemnul

Shops:
D:5 *   D:9 [   Orc:2 ([!*=

Portals:
Trove: D:11 (give 8 scrolls of blinking)

Annotations:
D:13 Nessos
Lair:4 Sonja


Innate Abilities, Weirdness & Mutations

You have a pair of large horns on your head.
You are completely covered in large bone plates. (SH +8)
You regenerate health from kills.
You sometimes gain a little power by taking damage.
[Armour fits poorly on your strangely shaped body.]
[Your body often deteriorates upon taking damage.]
[You are very dopey. (Int -4)]
[You are extremely frail. (-30% HP)]
[Your magical capacity is very low. (-20% MP)]
[((You are occasionally teleported next to monsters.))]
[You occasionally lose the ability to drink potions when taking damage.]
[You occasionally lose the ability to read scrolls when taking damage.]


Message History

The abyssal rune of Zot can be found at this depth.
A starcursed mass splits.
A chorus of shrieks assaults your mind.
A starcursed mass splits. x2
An ancient zyme comes into view.
You feel yourself growing ill in the presence of the ancient zyme.
A chorus of shrieks assaults your mind.
The ancient zyme moves out of view.
A starcursed mass splits. x2
A chorus of shrieks assaults your mind.
Your body deteriorates!
You feel weakened.
A starcursed mass splits.
A deafening chorus of shrieks assaults your mind!
Your body deteriorates!
You feel clumsy.
You feel ill.
A starcursed mass splits.
A starcursed mass splits.
You feel ill. x2
You feel ill. The starcursed mass barely misses you.
A chorus of shrieks assaults your mind.
A starcursed mass splits.
You feel ill. x2; You block the starcursed mass's attack.
A chorus of shrieks assaults your mind.
Your body deteriorates!
You feel weakened.
You feel ill.
The starcursed mass touches you but does no damage.
A chorus of shrieks assaults your mind.
You feel threatened and lose the ability to read scrolls!
* * * LOW HITPOINT WARNING * * *
Your body deteriorates!
You feel clumsy.
You can read scrolls again.
The starcursed mass completely misses you.
A chorus of shrieks assaults your mind.
* * * LOW HITPOINT WARNING * * *
The starcursed mass attacks as you move away!
The starcursed mass touches you but does no damage.
A chorus of shrieks assaults your mind.
* * * LOW HITPOINT WARNING * * *
Your body deteriorates!
You feel clumsy. A chorus of shrieks assaults your mind.
You feel threatened and lose the ability to read scrolls!
You die...

# # #.### #
#... ###....
#X.# ....#
#xX##...####
##
#.XX#.#..#..#
#..###X..#.#.#
#.. #...X#..#
#....###.#.#
#.### #.@.# ..
#..#....# ..#
#.#.##.#..# .
...## ## .#
.#. . .. ..


You could see 4 starcursed masses.

Vanquished Creatures
  2 tentacled starspawn (Abyss:1)
  An azure jelly (Lair:4)
  A very ugly thing (Abyss:1)
  A minotaur (Gauntlet)
  A fire dragon (D:12)
  Josephine (Lair:4)
  Fannar (Lair:1)
  A great orb of eyes (Abyss:2)
  The ghost of Oxelix the Arsonist, a journeyman DsFE of Cheibriados (Lair:2)
  2 hydras (Lair:4)
  6 two-headed ogres
  A catoblepas (Lair:1)
  2 centaur warriors (D:12)
  An ogre mage (D:12)
  An alligator snapping turtle (shapeshifter) (D:12)
  A boulder beetle (D:12)
  Nergalle (Lair:1)
  Lodul (D:10)
  4 wretched stars
  A death drake (Gauntlet)
  3 orc knights (Orc:2)
  An ugly thing (D:12)
  Pikel (D:4)
  2 orc sorcerers (Orc:2)
  A worldbinder (Abyss:1)
  A moth of wrath (Gauntlet)
  A cyclops (D:11)
  5 manticores
  Joseph (D:7)
  A water nymph (Lair:2)
  3 centaur zombies (Gauntlet)
  An elephant (D:10)
  4 black mambas
  A gargoyle (Bailey)
  A rust devil (Abyss:1)
  6 cane toads
  3 smoke demons
  Psyche (D:8)
  An unseen horror (D:12)
  2 efreet (D:12)
  2 kobold demonologists (D:12)
  2 torpor snails
  3 komodo dragons
  A polar bear (Lair:1)
  A hornet (D:7)
  3 trolls
  Grinder (D:4)
  A hellwing (Abyss:1)
  7 blink frogs
  4 dream sheep
  11 slime creatures
  A centaur simulacrum (D:12)
  7 wraiths
  30 yaks
  2 ynoxinuls
  A vampire (Bailey)
  5 wyverns
  2 basilisks (D:10)
  A neqoxec (Abyss:1)
  Grum (D:8)
  3 chaos spawn (Abyss:1)
  2 redbacks (Gauntlet)
  A steam dragon (D:10)
  3 vampire mosquitoes (D:10)
  2 large abominations (Abyss:1)
  6 wargs
  An acid dragon (D:9)
  7 small abominations
  14 water moccasins
  37 orc warriors
  A spectral hornet (Gauntlet)
  Duvessa (D:4)
  4 black bears
  An ice beast (D:7)
  8 wolves
  15 ogres
  3 phantoms
  16 centaurs
  A lemure (D:4)
  11 bullfrogs
  3 kobold brigands
  2 gnoll sergeants
  2 necrophages
  2 scorpions
  3 wights (D:7)
  Dowan (D:4)
  15 killer bees
  A howler monkey (D:6)
  8 vampire bats (Bailey)
  An electric eel (Orc:1)
  4 wolf zombies (Bailey)
  4 hounds
  7 jellies
  14 orc priests
  5 gnoll boudas
  2 iron imps (Abyss:1)
  4 iguanas
  28 orc wizards
  2 hound zombies (Ossuary)
  4 mummies (Ossuary)
  Robin (D:4)
  32 gnolls
  7 adders
  A shadow imp (D:8)
  5 white imps
  3 ufetubi
  A worm (D:3)
  A dart slug (D:1)
  64 orcs
  5 ball pythons
  6 bats
  9 endoplasms
  2 giant cockroaches (D:1)
  15 goblins
  10 hobgoblins
  3 jackals (D:5)
  5 quokkas
  3 frilled lizards
  A gnoll zombie (Ossuary)
  A goblin zombie (Ossuary)
  A hobgoblin zombie (Ossuary)
  A jackal zombie (Ossuary)
  24 kobolds
  3 kobold zombies (Ossuary)
  22 orc zombies (Bailey)
  3 rats (D:3)
  3 rat zombies (Ossuary)
638 creatures vanquished.

Vanquished Creatures (others)
  A boulder beetle (D:12)
  3 slime creatures (D:12)
  2 golden eyes (Abyss:1)
  An orc (D:12)
  A demonic plant (Gauntlet)
  A fungus (Lair:1)
  A lurking horror (Abyss:1)
  14 plants
  6 starspawn tentacles (Abyss:1)
30 creatures vanquished.

Grand Total: 668 creatures vanquished

Notes
Turn   | Place    | Note
-------+----------+-------------------------------------------
     0 | D:1      | Arximoufas the Demonspawn Fighter began the quest for the
                  | Orb.
     0 | D:1      | Reached XP level 1. HP: 18/18 MP: 1/1
   132 | D:1      | Reached skill level 2 in Axes
   209 | D:1      | Gained mutation: You have a pair of small horns on your
                  | head. [demonic ancestry]
   209 | D:1      | Reached XP level 2. HP: 24/24 MP: 2/2
   341 | D:1      | Found a faded altar of an unknown god.
   569 | D:1      | Reached XP level 3. HP: 29/29 MP: 3/3
  1088 | D:2      | Identified the +1 pair of boots of Gehenna {Str+3}
  1324 | D:2      | Reached skill level 3 in Axes
  1823 | D:3      | Gained mutation: You sometimes gain a little power by
                  | taking damage. [demonic ancestry]
  1823 | D:3      | Reached XP level 4. HP: 35/35 MP: 4/4
  1871 | D:3      | Found a snail-covered altar of Cheibriados.
  1883 | D:3      | Became a worshipper of Cheibriados the Contemplative
  2019 | D:3      | Found a basalt altar of Yredelemnul.
  2074 | D:3      | Found a burning altar of Makhleb.
  2501 | D:4      | Noticed a necrophage
  2514 | D:4      | Killed a necrophage
  2515 | D:4      | Gained mutation: You are partially covered in large bone
                  | plates. (SH +4) [demonic ancestry]
  2515 | D:4      | Reached XP level 5. HP: 42/42 MP: 5/5
  2546 | D:4      | Noticed Robin
  2552 | D:4      | Reached * piety under Cheibriados
  2556 | D:4      | Killed Robin
  2557 | D:4      | Reached skill level 4 in Axes
  2557 | D:4      | Noticed a phantom
  2574 | D:4      | Killed a phantom
  2575 | D:4      | Gained mutation: You have a pair of horns on your head.
                  | [demonic ancestry]
  2575 | D:4      | Reached XP level 6. HP: 31/48 MP: 6/6
  2773 | D:4      | Found an iron altar of Okawaru.
  2812 | D:4      | Noticed Pikel
  2830 | D:4      | Killed Pikel
  2831 | D:4      | Reached skill level 5 in Fighting
  2831 | D:4      | Reached skill level 5 in Axes
  2831 | D:4      | Reached XP level 7. HP: 40/56 MP: 7/7
  2909 | D:4      | Noticed Duvessa
  2909 | D:4      | Noticed Dowan
  2925 | D:4      | Killed Duvessa
  2939 | D:4      | Killed Dowan
  2940 | D:4      | Reached skill level 6 in Axes
  3104 | D:4      | Reached ** piety under Cheibriados
  3272 | D:4      | Noticed Grinder
  3286 | D:4      | Killed Grinder
  3287 | D:4      | Reached skill level 5 in Shields
  3287 | D:4      | Gained mutation: You are mostly covered in large bone
                  | plates. (SH +6) [demonic ancestry]
  3287 | D:4      | Reached XP level 8. HP: 64/64 MP: 8/8
  3531 | D:4      | Reached skill level 7 in Axes
  3779 | D:5      | Entered Level 5 of the Dungeon
  3859 | D:5      | Reached *** piety under Cheibriados
  3869 | D:5      | Found a staircase to the Ecumenical Temple.
  3966 | Temple   | Entered the Ecumenical Temple
  4161 | D:5      | Identified the +1 robe of Cix Cozapio {Drain Dex+5}
  4270 | D:5      | Found a sparkling altar of Nemelex Xobeh.
  4328 | D:5      | Found Heungyn's Assorted Antiques.
  4357 | D:5      | Reached skill level 8 in Axes
  4719 | D:6      | Reached XP level 9. HP: 46/71 MP: 9/9
  4734 | D:6      | Reached **** piety under Cheibriados
  5078 | D:6      | Identified the ring of Reptam {Drain rElec rF+ rC+++ Int-5}
  5551 | D:6      | Reached skill level 9 in Axes
  5685 | D:7      | Noticed Joseph
  6204 | D:7      | Reached skill level 1 in Invocations
  6560 | D:7      | Killed Joseph
  6561 | D:7      | Reached skill level 5 in Armour
  6561 | D:7      | Gained mutation: You regenerate a little health from kills.
                  | [demonic ancestry]
  6561 | D:7      | Reached XP level 10. HP: 24/80 MP: 10/12
  7230 | D:8      | Noticed Psyche
  7239 | D:8      | Killed Psyche
  7240 | D:8      | Reached skill level 10 in Axes
  7248 | D:8      | Reached ***** piety under Cheibriados
  7333 | D:8      | Noticed Grum
  7344 | D:8      | Killed Grum
  7455 | D:8      | Got the Directory of the Dusty Hornet
  7467 | D:8      | Found a sand-covered staircase.
  7493 | Ossuary  | Entered an ossuary
  7764 | D:8      | Found a hazy altar of Hepliaklqana.
  8031 | D:9      | Noticed a two-headed ogre
  8107 | D:9      | Reached skill level 5 in Invocations
  8367 | D:9      | Found a flagged portal.
  8377 | Bailey   | Entered a bailey
  8439 | Bailey   | Noticed a gargoyle
  8445 | Bailey   | Killed a gargoyle
  8597 | Bailey   | Reached ****** piety under Cheibriados
  8688 | Bailey   | Identified the +7 ring mail of the Kettle-Drum {rElec rPois
                  | rN+ Will++}
  8705 | Bailey   | Reached skill level 1 in Dodging
  8711 | Bailey   | Identified the +10 crystal plate armour "Fydywaov" {rElec
                  | Str+3 Int+2}
  8895 | D:9      | Found Sabbog's Armour Shop.
  9172 | D:9      | Killed a two-headed ogre
  9173 | D:9      | Reached skill level 11 in Axes
  9173 | D:9      | Gained mutation: You have a pair of large horns on your
                  | head. [demonic ancestry]
  9173 | D:9      | Reached XP level 11. HP: 87/87 MP: 15/15
  9580 | D:10     | Entered Level 10 of the Dungeon
  9694 | D:10     | You fall into a shaft and drop 1 floor!
 10218 | D:11     | Found a portal to a secret trove of treasure.
 10250 | D:11     | Noticed a two-headed ogre
 10259 | D:11     | Killed a two-headed ogre
 10593 | D:11     | Noticed a two-headed ogre
 10601 | D:11     | Killed a two-headed ogre
 10752 | D:12     | Reached skill level 12 in Axes
 10797 | D:12     | Noticed a two-headed ogre
 10803 | D:12     | Killed a two-headed ogre
 10866 | D:12     | Noticed a cyan ugly thing
 10869 | D:12     | Noticed a boulder beetle
 10875 | D:12     | Killed a cyan ugly thing
 10893 | D:12     | Killed a boulder beetle
 10894 | D:12     | Gained mutation: You are completely covered in large bone
                  | plates. (SH +8) [demonic ancestry]
 10894 | D:12     | Reached XP level 12. HP: 82/97 MP: 17/17
 10936 | D:12     | Noticed a two-headed ogre
 10941 | D:12     | Killed a two-headed ogre
 11029 | D:12     | Noticed a centaur warrior
 11030 | D:12     | Noticed a two-headed ogre
 11037 | D:12     | Killed a two-headed ogre
 11037 | D:12     | Noticed a fire dragon
 11038 | D:12     | Killed a centaur warrior
 11040 | D:12     | Noticed an ogre mage
 11041 | D:12     | Noticed a centaur warrior
 11059 | D:12     | Killed a boulder beetle
 11177 | D:12     | Found a staircase to the Orcish Mines.
 11231 | D:12     | Killed a centaur warrior
 11232 | D:12     | Reached skill level 10 in Fighting
 11294 | D:12     | Killed a fire dragon
 11433 | D:12     | Killed an ogre mage
 11535 | Orc:1    | Entered Level 1 of the Orcish Mines
 11861 | Orc:1    | Reached skill level 1 in Stealth
 11909 | Orc:1    | You fall into a shaft and drop 1 floor!
 11909 | Orc:2    | Entered Level 2 of the Orcish Mines
 11930 | Orc:2    | Reached skill level 5 in Dodging
 11936 | Orc:2    | Reached skill level 13 in Axes
 12287 | Orc:2    | Found a staircase to the Elven Halls.
 12295 | Orc:2    | Found Rolonweu's Jewellery Emporium.
 12590 | Orc:2    | Gained mutation: You regenerate health from kills. [demonic
                  | ancestry]
 12590 | Orc:2    | Reached XP level 13. HP: 101/103 MP: 20/20
 12616 | Orc:2    | Found Ikaiveph's Distillery.
 12616 | Orc:2    | Found Lerewo's Antique Armour Shop.
 12618 | Orc:2    | Found Byotwy's Antique Weapon Boutique.
 12620 | Orc:2    | Found Zuehax's Assorted Antiques.
 12865 | Orc:1    | Reached skill level 10 in Invocations
 13539 | D:12     | Identified the +4 ring mail of Imperfection {SInv}
 13832 | D:12     | Found a hide-covered altar of Uskayaw.
 13949 | D:12     | Identified the +1 leather armour of Modesty {+Blink rElec
                  | rC- Dex+7}
 13951 | D:12     | Identified the +9 hand axe of the Eleven Beds {pain, Str-5
                  | Dex+6}
 14039 | D:13     | Noticed Nessos
 14039 | D:13     | Found a gate to the Vaults.
 14207 | D:10     | Found a staircase to the Lair.
 14273 | D:10     | Found a stormy altar of Qazlal.
 14415 | D:10     | Noticed Lodul
 14424 | D:10     | Killed Lodul
 14472 | D:10     | Found a broken altar of Ashenzari.
 14543 | D:10     | Found a shimmering blue altar of Sif Muna.
 14546 | D:10     | Found a hide-covered altar of Uskayaw.
 14551 | D:10     | Found a blossoming altar of Fedhas.
 14572 | D:10     | Reached skill level 14 in Axes
 14879 | Lair:1   | Entered Level 1 of the Lair of Beasts
 15027 | Lair:1   | Noticed Fannar
 15036 | Lair:1   | Killed Fannar
 15098 | Lair:1   | Noticed Nergalle
 15113 | Lair:1   | Killed Nergalle
 15114 | Lair:1   | Reached skill level 5 in Stealth
 16257 | Lair:2   | Found a runed translucent door.
 16260 | Lair:2   | Noticed Oxelix's ghost (journeyman DsFE)
 16557 | Lair:2   | Killed Oxelix's ghost
 16640 | Lair:3   | Reached XP level 14. HP: 77/111 MP: 22/22
 16713 | Lair:3   | Found a gate leading to a gauntlet.
 16720 | Gauntlet | Entered a Gauntlet
 16720 | Gauntlet | Found a large runed translucent door.
 16720 | Gauntlet | Found a large runed translucent door.
 16720 | Gauntlet | Found a large runed translucent door.
 16720 | Gauntlet | Found a large runed translucent door.
 16720 | Gauntlet | Found a large runed translucent door.
 16720 | Gauntlet | Found a large runed translucent door.
 16720 | Gauntlet | Found a runed translucent door.
 16720 | Gauntlet | Found a transporter.
 16720 | Gauntlet | Found a runed translucent door.
 16720 | Gauntlet | Found a large runed translucent door.
 16720 | Gauntlet | Found a large runed translucent door.
 16720 | Gauntlet | Found a large runed translucent door.
 16720 | Gauntlet | Found a large runed translucent door.
 16720 | Gauntlet | Found a large runed translucent door.
 16720 | Gauntlet | Found a large runed translucent door.
 16823 | Gauntlet | Found a transporter.
 16827 | Gauntlet | Found a large runed translucent door.
 16827 | Gauntlet | Found a large runed translucent door.
 16828 | Gauntlet | Found a runed translucent gate.
 16829 | Gauntlet | Found a transporter.
 16833 | Gauntlet | Found a transporter.
 16840 | Gauntlet | Found a transporter.
 16840 | Gauntlet | Found a transporter.
 16840 | Gauntlet | Found a runed translucent gate.
 16843 | Gauntlet | Found a transporter.
 16843 | Gauntlet | Found a transporter.
 16843 | Gauntlet | Noticed a balrug
 16900 | Gauntlet | Found a large runed translucent door.
 16901 | Gauntlet | Found a large runed translucent door.
 16910 | Gauntlet | Found a transporter.
 16927 | Gauntlet | Found a transporter.
 16930 | Gauntlet | Found a transporter.
 16950 | Gauntlet | Found a transporter.
 16979 | Gauntlet | Found a runed translucent gate.
 17034 | Gauntlet | Identified the +0 cloak of Going Fast {rF+}
 17451 | Gauntlet | Identified the ring of Uskayaw's Grace {rElec rPois}
 17499 | Gauntlet | Found the +7 Spriggan's Knife {stab, EV+4 Stlth+}
 17499 | Gauntlet | Identified the +8 rapier "Jati" {freeze, rF+ Will+ Int-3}
 17520 | Gauntlet | Identified the +0 pair of boots of Wyuts {Str+4}
 17826 | Lair:3   | Identified a scroll of acquirement
 17827 | Lair:3   | Acquired the +1 pair of gloves of Purpose {+Blink rF+
                  | Str+2}
 18711 | Lair:4   | Reached skill level 15 in Axes
 19094 | Lair:4   | Noticed Josephine
 19097 | Lair:4   | Reached skill level 1 in Evocations
 19099 | Lair:4   | Killed Josephine
 19380 | Lair:4   | Noticed an azure jelly
 19395 | Lair:4   | Killed an azure jelly
 19461 | Lair:4   | Noticed Sonja
 19470 | Abyss:1  | Cast into level 1 of the Abyss (Sonja)
 19618 | Abyss:1  | Noticed a hellephant
 19639 | Abyss:1  | HP: 3/111 [hellephant (10)]
 19959 | Abyss:1  | Noticed a tentacled starspawn
 19967 | Abyss:1  | Killed a tentacled starspawn
 19973 | Abyss:1  | Reached skill level 10 in Armour
 20028 | Abyss:1  | Noticed a tentacled starspawn
 20030 | Abyss:1  | Noticed a purple very ugly thing
 20039 | Abyss:1  | Killed a purple very ugly thing
 20052 | Abyss:1  | Killed a tentacled starspawn
 20339 | Lair:4   | Escaped the Abyss
 20451 | Abyss:2  | Cast into level 2 of the Abyss (Sonja)
 20506 | Abyss:2  | Noticed a revenant
 20580 | Abyss:2  | Noticed a hellephant
 20727 | Abyss:2  | Noticed a tentacled starspawn
 20771 | Abyss:3  | Killed from afar by a starcursed mass

Illustrated notes

Levels and vault maps discovered:
D:1:      dpeg_arrival_arbitrary_a, layout_loops_ring,
          hellmonk_ecumenical_altar_run_dry, serial_park_tiny_1,
          minmay_misc_feat_enclosed, kennysheep_another_room,
          chequers_serial_rivers_micro_a
D:2:      layout_loops_ring, corexii_corridor_pit
D:3:      layout_loops_ring, general_overflow_altar, cheibriados_altar_1,
          overflow_temple_1_default
D:4:      layout_loops_cross, okawaru_altar_gauntlet_db, serial_bayou_pond_d,
          minmay_small_thing, uniq_grinder, uniq_robin, uniq_pikel, uniq_duvessa
D:5:      layout_loops_cross, lemuel_tele_altar, minmay_temple_entry_arrows,
          serial_shops, nicolae_inconvenience_store, amethyst_killhole
D:6:      layout_cave_pools, st_stairs_8, minmay_starry_boxes
D:7:      layout_loops_ring, uniq_joseph
D:8:      layout_rooms, kennysheep_mini_moat, nicolae_ossuary_entry_ruins,
          uniq_psyche, uniq_grum
D:9:      layout_roguey, enter_bailey_6, serial_shops, nicolae_shop_crystal
D:10:     layout_roguey, mainiacjoe_overflow_six_doors_small,
          grunt_temple_overflow_diamond, mainiacjoe_overflow_catwalk_spiral,
          david_lair_generic, uniq_lodul
D:11:     layout_gridville, enter_trove_6
D:12:     minmay_the_grid_triangle_9x9_rhombus_thin
          [minmay_the_grid_triangle_9x9_swiss_cheese,
          minmay_the_grid_triangle_9x9_prize_schism,
          minmay_the_grid_triangle_9x9_impossible_snake,
          minmay_the_grid_triangle_9x9_sparse_checkered], layout_loops_ring,
          david_orc_3, nicolae_uskayaw_suspiria
D:13:     layout_cave_pods, david_vaults_3
Temple:   hellmonk_temple_micro_hex
Lair:1:   layout_gridlike, infiniplex_staircase_pool_2, uniq_nergalle,
          uniq_fannar
Lair:2:   layout_roguey, nicolae_shoals_entry_flooding,
          ebering_ghost_reflecting_pool, grunt_megastairs_4
Lair:3:   layout_roguey, nicolae_spider_entry_orb_guardian,
          gauntlet_entry_generic, serial_bayou_pond_d, minmay_shattered_shrine
Lair:4:   layout_cave_pods, nicolae_lair_time_for_slime, uniq_josephine,
          uniq_sonja
Orc:1:    layout_diamond_mine, basic_altar, hellmonk_bongcloud_opening,
          nooodl_orcs_dogs
Orc:2:    st_orc_rangers, layout_caves, serial_shops, shop
Abyss:3:  base: D:5, due_exit_kobolds, hangedman_summoners_spam

Skill      XL: |  1  2  3  4  5  6  7  8  9 10 11 12 13 14 |
---------------+-------------------------------------------+-----
Axes           | 2 3 4 5 6 8 9 11 12 13 14 15 | 15.5
Shields        | 3 4 5 |  5.0
Fighting       | 4 5 6 7 8 9 10 11 | 11.1
Armour         | 3 5 6 7 8 9 10 | 10.0
Invocations    | 2 5 7 9 11 12 | 12.6
Dodging        | 1 4 5 6 |  6.5
Stealth        | 3 5 |  5.0
Evocations     | 3 |  3.1

Action                     |  1- 3 |  4- 6 |  7- 9 | 10-12 | 13-15 || total
---------------------------+-------+-------+-------+-------+-------++-------
  Melee: War axe           |    96 |   112 |   296 |   533 |   348 ||  1385
         Headbutt          |    11 |    13 |    74 |   158 |   160 ||   416
         Broad axe         |       |       |       |    67 |    49 ||   116
         Battleaxe         |       |       |       |       |   211 ||   211
 Invoke: Step From Time    |       |       |       |       |     1 ||     1
         Bend Time         |       |       |       |       |     1 ||     1
  Evoke: Wand              |       |       |       |     2 |       ||     2
    Use: Potion            |       |       |     4 |     3 |     5 ||    12
         Scroll            |       |       |    10 |     4 |    16 ||    30
   Stab: Sleeping          |       |       |       |     4 |    11 ||    15
         Distracted        |       |       |       |     1 |     1 ||     2
 Armour: Scale mail        |    61 |    17 |       |       |       ||    78
         Plate armour      |       |    53 |   140 |   161 |       ||   354
         Ring mail         |       |       |       |   169 |   234 ||   403
  Dodge: Dodged            |    32 |    30 |    79 |   378 |   377 ||   896
  Block: Buckler           |    17 |    49 |   213 |   625 |   304 ||  1208
         Other             |       |       |       |       |    94 ||    94

Table legend: (Time is in decaauts)
 A = Elapsed time spent in this place.
 B = Non-inter-level travel time spent in this place.
 C = Inter-level travel time spent in this place.
 D = Time resting spent in this place.
 E = Time spent auto-exploring this place.
 F = Levels seen in this place.
 G = Mean time per level.
                   A        B        C        D        E       F      G
               +--------+--------+--------+--------+--------+-----+--------+
         Total |  30231 |  28722 |   1509 |   4953 |  16275 |  27 | 1119.7 |
       Dungeon |  17404 |  16300 |   1104 |   2533 |  10465 |  13 | 1338.8 |
        Temple |      1 |      1 |      0 |      0 |      0 |   1 |    1.0 |
          Lair |   5884 |   5636 |    248 |    875 |   3923 |   4 | 1471.0 |
  Orcish Mines |   2617 |   2461 |    156 |    273 |   1239 |   2 | 1308.5 |
         Abyss |   1790 |   1790 |      0 |    521 |    234 |   4 |  447.5 |
       Ossuary |    309 |    309 |      0 |      0 |    213 |   1 |  309.0 |
        Bailey |    812 |    812 |      0 |     85 |      0 |   1 |  812.0 |
      Gauntlet |   1410 |   1410 |      0 |    665 |    200 |   1 | 1410.0 |
               +--------+--------+--------+--------+--------+-----+--------+

Top non-repeatable levels by time:
    D:12: 2595 daAuts
  Lair:4: 2417 daAuts
     D:7: 1879 daAuts
     D:4: 1718 daAuts
  Lair:2: 1635 daAuts
    D:11: 1606 daAuts
  Lair:1: 1588 daAuts
     D:9: 1573 daAuts
    D:10: 1519 daAuts
   Orc:2: 1477 daAuts
     D:6: 1439 daAuts
Gauntlet: 1410 daAuts
     D:5: 1381 daAuts
   Orc:1: 1140 daAuts
     D:8: 1001 daAuts
